 Dungeon Crawl Stone Soup version 0.27-a0-1595-g0b823d0a13 (webtiles) character file.

Game seed: 8923213681391476556

77 Brandom the Skirmisher (level 4, 0/40 HPs)
             Began as a Draconian Abyssal Knight on July 20, 2021.
             Was a Believer of Lugonu.
             Succumbed to a kobold's poison
             ... on level 3 of the Dungeon.
             The game lasted 00:03:20 (1738 turns).

Brandom the Skirmisher (Draconian Abyssal Knight)   Turns: 1738, Time: 00:03:21

Health: 0/40       AC:  5    Str: 14    XL:     4   Next: 14%
Magic:  6/6        EV: 12    Int: 13    God:    Lugonu [**....]
Gold:   131        SH:  0    Dex: 11    Spells: 3/3 levels left

rFire    . . .     SeeInvis .   a - +1 falchion
rCold    . . .     Faith    .   (no shield)
rNeg     . . .     Spirit   .   (armour unavailable)
rPois    .         Reflect  .   (helmet restricted)
rElec    .         Harm     .   (no cloak)
rCorr    .         Rampage  .   (no gloves)
Will     .....                  (no boots)
Stlth    +.........             (no amulet)
HPRegen  0.13/turn              (no ring)
MPRegen  0.10/turn              (no ring)

@: lethally poisoned (0 -> -6), on berserk cooldown
A: AC +5, unfitting armour, cold-blooded
a: Renounce Religion, Depart the Abyss, Bend Space


You were on level 3 of the Dungeon.
You worshipped Lugonu.
Lugonu was pleased with you.
You visited 1 branch of the dungeon, and saw 3 of its levels.
You visited the Abyss 1 time.

You collected 131 gold pieces.

Inventory:

Hand Weapons
 a - a +1 falchion (weapon)
Scrolls
 c - a scroll of fog {unknown}
 e - a scroll of teleportation {unknown}
 f - a scroll of noise {unknown}
Potions
 b - a potion of curing {unknown}


   Skills:
 * Level 4.3 Fighting
 + Level 2.6 Long Blades
 + Level 2.6 Dodging
 + Level 2.7 Invocations


You had 3 spell levels left.
You didn't know any spells.
Your spell library contained the following spells:

 Spells                   Type           Power      Damage    Failure   Level
 Beastly Appendage        Tmut           0%         N/A       30%         1
 Wereblood                Tmut           0%         N/A       43%         2
 Spider Form              Tmut/Pois      0%         N/A       67%         3
 Olgreb's Toxic Radiance  Pois           0%         N/A       97%         4
 Ozocubu's Refrigeration  Ice            0%         4d5       100%        7
 Ignition                 Fire           0%         3d3       100%        8


Dungeon Overview and Level Annotations

Branches:
Dungeon (3/15)

Altars:


Innate Abilities, Weirdness & Mutations

Your plain brown scales are hard. (AC +5)
You cannot fit into any form of body armour.
You are cold-blooded and may be slowed by cold attacks.


Message History

You slash the hobgoblin!
You kill the hobgoblin!
Lugonu accepts your kill.
You feel very sick.
The kobold hits you with a +1 short sword of venom.
You barely miss the kobold.
You feel very sick. The kobold closely misses you.
You hit the kobold but do no damage.
You feel very sick. The kobold hits you but does no damage.
You are more poisoned.
You closely miss the kobold.
You feel very sick.
The kobold hits you with a +1 short sword of venom.
* * * LOW HITPOINT WARNING * * *
You are lethally poisoned!
You completely miss the kobold. You tail-slap the kobold.
You kill the kobold!
Lugonu accepts your kill.
* * * LOW HITPOINT WARNING * * *
You feel very sick.
* * * LOW HITPOINT WARNING * * *
You feel very sick.
Things that are here:
a +1 short sword of venom; 5 stones It was a potion of berserk rage.
A red film seems to cover your vision as you go berserk!
You feel yourself moving faster!
You feel mighty!
* * * LOW HITPOINT WARNING * * *
You feel very sick.
You are too berserk!
You feel a strong urge to attack something.
* * * LOW HITPOINT WARNING * * *
You feel sick.
* * * LOW HITPOINT WARNING * * *
You feel sick.
You feel your anger nearly subside.
* * * LOW HITPOINT WARNING * * *
You feel sick.
You are no longer berserk.
You are exhausted.
You feel yourself slow down.
* * * LOW HITPOINT WARNING * * *
You feel sick.
It was a potion of cancellation.
Your magical effects are unravelling.
You feel magically purged.
You feel yourself speed up.
You die...

#..#.....##.#########
#..#.....##.........#
#...........#######.#
#######..........# #.#
..........######## #.#
.######...# ###.# .#
##.#..### #...# # .#
#.......###### #.###
####.# #.#..##.@....#
#.# .....#
#.#..##......# ##.##
†..<.# #..........#
#...# )...##
...##.!....####...###
##### ....
.......##.......# #
####.##########.......#
# #.......# # ###....##
# #....#


There were no monsters in sight!

Vanquished Creatures
  2 adders
  A worm (D:2)
  4 dart slugs
  5 ball pythons
  2 endoplasms (D:1)
  2 giant cockroaches (D:2)
  7 goblins
  6 hobgoblins
  2 jackals (D:2)
  3 quokkas
  2 bats
  A frilled lizard (D:1)
  3 kobolds
  6 rats
46 creatures vanquished.

Notes
Turn   | Place    | Note
-------+----------+-------------------------------------------
     0 | Abyss:1  | Brandom the Draconian Abyssal Knight began the quest for
                  | the Orb.
     0 | Abyss:1  | Reached XP level 1. HP: 19/19 MP: 2/2
     1 | Abyss:1  | Found a corrupted altar of Lugonu.
    65 | Abyss:1  | Noticed a large abomination
    70 | Abyss:1  | Noticed a large abomination
    83 | Abyss:1  | Noticed a large abomination
    86 | D:1      | Escaped the Abyss
   185 | D:1      | Reached * piety under Lugonu
   268 | D:1      | Reached XP level 2. HP: 25/26 MP: 3/3
   843 | D:2      | Reached XP level 3. HP: 30/33 MP: 4/4
   932 | D:2      | Reached skill level 4 in Fighting
  1092 | D:2      | Reached ** piety under Lugonu
  1596 | D:3      | Reached XP level 4. HP: 40/40 MP: 6/6
  1737 | D:3      | HP: 1/40 [poisoned by a kobold]
  1738 | D:3      | Succumbed to a kobold's poison

Illustrated notes

Levels and vault maps discovered:
D:1:      onia_arrival_pentagram, layout_basic, grunt_decor_mini_mirrors
D:2:      layout_loops_ring, serial_park_tiny_2
D:3:      layout_loops_cross, hellmonk_ecumenical_altar_leap_of_faith,
          hangedman_decor_diamond_cutter, minmay_misc_feat_enclosed,
          uniq_crazy_yiuf_cottage, uniq_terence

Skill      XL: |  1  2  3 |
---------------+----------+-----
Fighting       | 4 |  4.3
Long Blades    | |  2.6
Dodging        | |  2.6
Invocations    | |  2.7

Action                   |  1- 3 |  4- 6 || total
-------------------------+-------+-------++-------
Melee: Falchion          |   110 |    14 ||   124
       Tailslap          |    16 |     2 ||    18
Invok: Depart the Abyss  |     1 |       ||     1
  Use: Potion            |       |     2 ||     2
Armor: Skin              |    48 |     4 ||    52
Dodge: Dodged            |    94 |    10 ||   104
       Rpst.: Falchion   |    22 |     1 ||    23

Table legend: (Time is in decaauts)
 A = Elapsed time spent in this place.
 B = Non-inter-level travel time spent in this place.
 C = Inter-level travel time spent in this place.
 D = Time resting spent in this place.
 E = Time spent auto-exploring this place.
 F = Levels seen in this place.
 G = Mean time per level.
                   A        B        C        D        E       F      G
               +--------+--------+--------+--------+--------+-----+--------+
         Total |   1763 |   1712 |     51 |      0 |   1409 |   4 |  440.8 |
       Dungeon |   1676 |   1625 |     51 |      0 |   1346 |   3 |  558.7 |
         Abyss |     87 |     87 |      0 |      0 |     63 |   1 |   87.0 |
               +--------+--------+--------+--------+--------+-----+--------+

Top non-repeatable levels by time:
     D:2: 767 daAuts
     D:1: 758 daAuts
     D:3: 150 daAuts
 Abyss:1: 87 daAuts
